 Seeded DCSS version 0.29-a0-321-gf1c400731a (webtiles) character file.

Game seed: 11935680308849905027 (custom seed)

4389 a11behringer the Cleaver (level 10, -7/129 HPs)
             Began as a Minotaur Berserker on Apr 3, 2022.
             Was an Elder of Trog.
             Mangled by a sixfirhy (9 damage)
             ... summoned by a kobold demonologist
             ... on level 9 of the Dungeon.
             The game lasted 00:21:00 (6005 turns).

a11behringer the Cleaver (Minotaur Berserker)       Turns: 6005, Time: 00:21:01

Health: -7/129     AC: 15    Str: 27    XL:     10   Next: 13%
Magic:  9/9        EV: 10    Int:  4    God:    Trog [****..]
Gold:   453        SH:  0    Dex:  9    Spells: 9/9 levels left

rFire   . . .      SeeInvis .   S - +0 war axe
rCold   . . .      Faith    .   (no shield)
rNeg    + . .      Spirit   .   t - +1 chain mail
rPois   .          Reflect  .   (helmet restricted)
rElec   .          Harm     .   (no cloak)
rCorr   .          Rampage  .   (no gloves)
Will    +++..                   c - +2 pair of boots
Stlth   ..........              n - amulet of regeneration
HPRegen 2.11/turn               s - ring of willpower
MPRegen 0.11/turn               D - ring of positive energy

@: berserking, strong-willed, regenerating, very quick
A: horns 2, retaliatory headbutt
a: Renounce Religion, Berserk, Trog's Hand, Brothers in Arms


You were on level 9 of the Dungeon.
You worshipped Trog.
Trog was greatly pleased with you.
You visited 1 branch of the dungeon, and saw 9 of its levels.

You collected 453 gold pieces.

Inventory:

Hand Weapons
 a - a +0 hand axe
 o - a +0 hunting sling
 A - a +3 morningstar of freezing
 C - a +0 halberd
 G - a +0 shortbow
 Q - a +0 hand crossbow
 R - a +2 vorpal mace
 S - a +0 war axe (weapon)
Armour
 b - a +0 animal skin
 c - a +2 pair of boots (worn)
 f - a +1 leather armour of cold resistance
 g - a +0 scale mail
 t - a +1 chain mail (worn)
 v - a +0 robe of willpower
 E - the +1 robe of Forking Paths {rPois Regen+ Int-4 Archmagi}
   (You found it on level 4 of the Dungeon)

   Int:       It affects your intelligence (-4).
   rPois:     It protects you from poison.
   Regen:     It increases your rate of health regeneration.
   Archmagi:  It increases the power of your magical spells.
Jewellery
 n - an amulet of regeneration (around neck)
 r - a ring of magical power
 s - a ring of willpower (left hand)
 z - a ring of protection from cold
 D - a ring of positive energy (right hand)
Wands
 u - a wand of iceblast (15)
 F - a wand of paralysis (4)
 I - a wand of digging (3)
 O - a wand of acid (4)
Scrolls
 e - a scroll of magic mapping
 j - 6 scrolls of teleportation
 k - a scroll of fear
 p - a scroll of identify
 y - 4 scrolls of fog
Potions
 d - 5 potions of brilliance
 h - 3 potions of attraction
 i - 4 potions of curing
 l - 2 potions of resistance
 m - 6 potions of mutation
 q - a potion of flight
 w - 3 potions of heal wounds
 x - a potion of haste
 B - a potion of cancellation
 H - a potion of might
 L - a potion of lignification {unknown}
 M - a potion of invisibility {unknown}
 P - a potion of berserk rage {unknown}


   Skills:
 + Level 7.6 Fighting
 * Level 13.8 Axes
 + Level 8.5 Armour
 + Level 4.4 Dodging


You had 9 spell levels left.
You didn't know any spells.
Your spell library was empty.

Dungeon Overview and Level Annotations

Branches:
Dungeon (9/15)             Temple (0/1) D:7            Lair (0/6) D:8
    Orc: D:9-12

Altars:
Dithmenos
Fedhas
Trog
Wu Jian

Shops:
D:6 =


Innate Abilities, Weirdness & Mutations

You have a pair of horns on your head.
You reflexively headbutt those who attack you in melee.


Message History

You are too injured to fight recklessly!
You are too injured to fight recklessly!
Your skin crawls.
You feel strong-willed.
A red film seems to cover your vision as you go berserk!
You feel yourself moving faster!
You feel mighty! The kobold hits you but does no damage.
The kobold demonologist mumbles some strange words.
You closely miss the sixfirhy. Your headbutt misses the sixfirhy.
The sixfirhy is moderately wounded.
You hit the kobold.
You kill the kobold!
Trog accepts your kill.
You slash the kobold demonologist!
The kobold demonologist gestures wildly while chanting.
You completely miss the sixfirhy. Your headbutt misses the sixfirhy.
The sixfirhy is moderately wounded.
You slash the ufetubus!
You kill the ufetubus!
The ufetubus disappears in a puff of smoke!
You closely miss the iron imp. You barely miss the kobold.
You slash the kobold demonologist! The sixfirhy hits you.
The sixfirhy shocks you!
* * * LOW HITPOINT WARNING * * *
The sixfirhy hits you!
* * * LOW HITPOINT WARNING * * *
The sixfirhy shocks you!
* * * LOW HITPOINT WARNING * * *
The sixfirhy closely misses you.
You slash the sixfirhy! Your headbutt misses the sixfirhy.
The sixfirhy is severely wounded.
You hit the iron imp but do no damage. You slash the kobold!
You kill the kobold!
Trog accepts your kill.
You closely miss the kobold demonologist.
The sixfirhy hits you but does no damage.
The sixfirhy hits you!
* * * LOW HITPOINT WARNING * * *
The sixfirhy shocks you!
You die...

#?.## ##...#
###..>.### .#
#......#.##
..V#.........
..KKK......
#K.3.ยง## ##..K@#.##
### #.5.).5..####.##
#......##.......#
...>.............#
....#........##..#
...##...........##
.....##............#
.......##.#.......##
........#..#......##


You could see 3 kobold demonologists, a sixfirhy (summoned), a vampire, a kobold
brigand, an iron imp (summoned), a white imp (summoned) and a kobold.

Vanquished Creatures
  A kobold demonologist (D:9)
  A komodo dragon (D:8)
  Psyche (D:8)
  A hornet (D:9)
  Sigmund (D:2)
  A wyvern (D:8)
  2 steam dragons
  3 water moccasins
  3 ice beasts
  An ogre (D:7)
  3 centaurs
  A phantom (D:6)
  A kobold brigand (D:9)
  2 bullfrogs
  A scorpion (D:6)
  8 wights (D:9)
  6 killer bees (D:9)
  A howler monkey (D:8)
  2 electric eels (D:9)
  2 hounds
  4 orc priests
  2 gnoll shamans
  Jessica (D:3)
  2 iguanas
  Natasha (thrice) (D:3)
  An orc wizard (D:6)
  A mummy (D:7)
  12 gnolls
  8 adders
  2 white imps
  An ufetubus (D:5)
  2 worms (D:3)
  A dart slug (D:1)
  22 orcs
  13 endoplasms
  3 giant cockroaches
  6 goblins
  7 hobgoblins
  5 jackals
  17 kobolds
  A quokka (D:2)
  15 ball pythons
  5 bats
  3 frilled lizards
  3 hobgoblin zombies (D:7)
  An orc zombie (D:7)
  9 rats
192 creatures vanquished.

Vanquished Creatures (others)
  A bullfrog (D:8)
  6 orcs (D:6)
  7 plants (D:8)
14 creatures vanquished.

Grand Total: 206 creatures vanquished

Notes
Turn   | Place    | Note
-------+----------+-------------------------------------------
     0 | D:1      | a11behringer the Minotaur Berserker began the quest for the
                  | Orb.
     0 | D:1      | Reached XP level 1. HP: 19/19 MP: 0/0
   213 | D:1      | Found a faded altar of an unknown god.
   222 | D:1      | Reached XP level 2. HP: 22/27 MP: 1/1
   312 | D:1      | Reached skill level 4 in Axes
   662 | D:1      | Reached XP level 3. HP: 31/34 MP: 2/2
   732 | D:1      | Reached ** piety under Trog
  1150 | D:2      | Noticed Sigmund
  1160 | D:2      | Killed Sigmund
  1161 | D:2      | Reached skill level 6 in Axes
  1161 | D:2      | Reached XP level 4. HP: 41/41 MP: 3/3
  1161 | D:2      | Reached XP level 5. HP: 47/47 MP: 4/4
  1245 | D:2      | Reached skill level 5 in Fighting
  1627 | D:3      | Noticed a moth of wrath
  1630 | D:3      | Found a bloodstained altar of Trog.
  1799 | D:3      | Noticed Natasha
  1808 | D:3      | Killed Natasha
  1823 | D:3      | Noticed Natasha
  1825 | D:3      | Reached XP level 6. HP: 51/56 MP: 5/5
  1828 | D:3      | Killed Natasha
  1850 | D:3      | Reached skill level 7 in Axes
  1901 | D:3      | Noticed Natasha
  1908 | D:3      | Killed Natasha
  1983 | D:3      | Noticed Jessica
  1986 | D:3      | Killed Jessica
  2300 | D:4      | Identified the +1 robe of Forking Paths {rPois Regen+ Int-4
                  | Archmagi}
  2383 | D:4      | Reached *** piety under Trog
  2721 | D:5      | Entered Level 5 of the Dungeon
  2731 | D:5      | Reached XP level 7. HP: 61/61 MP: 6/6
  2788 | D:5      | Reached skill level 8 in Axes
  2949 | D:5      | Found a shadowy altar of Dithmenos.
  2949 | D:5      | Found an ornate altar of the Wu Jian Council.
  2953 | D:5      | Found a blossoming altar of Fedhas.
  3540 | D:6      | Reached skill level 9 in Axes
  3540 | D:6      | Reached skill level 5 in Armour
  3560 | D:6      | Reached XP level 8. HP: 50/69 MP: 7/7
  3612 | D:6      | Found Oxzuynun's Jewellery Shop.
  3789 | D:6      | Identified the +4 falchion of Reaweu Oneo {holy, Dex+3}
  3889 | D:6      | Reached skill level 10 in Axes
  4305 | D:7      | Found a staircase to the Ecumenical Temple.
  4599 | D:7      | Reached skill level 11 in Axes
  4898 | D:8      | Reached XP level 9. HP: 39/75 MP: 8/8
  5003 | D:8      | Noticed Psyche
  5025 | D:8      | Killed Psyche
  5026 | D:8      | Reached skill level 12 in Axes
  5154 | D:8      | Found a staircase to the Lair.
  5154 | D:8      | Noticed a komodo dragon
  5186 | D:8      | Killed a komodo dragon
  5656 | D:9      | Reached skill level 13 in Axes
  5675 | D:8      | Reached **** piety under Trog
  5729 | D:9      | Noticed a kobold demonologist
  5738 | D:9      | Killed a kobold demonologist
  5778 | D:9      | Reached XP level 10. HP: 76/86 MP: 9/9
  5994 | D:9      | Noticed a sixfirhy
  6005 | D:9      | HP: 2/129 [sixfirhy[a kobold demonologist] (11)]
  6005 | D:9      | Mangled by a sixfirhy

Illustrated notes

Levels and vault maps discovered:
D:1:      sevenhm_arrival_forest_fort_small_5, layout_loops_ring,
          hellmonk_ecumenical_altar_lost_god
D:2:      layout_rooms, minivault_23, uniq_sigmund
D:3:      layout_basic, tgw_trog, uniq_natasha, uniq_jessica
D:4:      layout_basic
D:5:      layout_basic, minitemple
D:6:      layout_loops_cross, serial_shops, shop_statue
D:7:      layout_basic, minmay_temple_entry_nine_rooms, minmay_mini_ossuary
D:8:      layout_basic, david_lair_shrubbed, grunt_decor_fettered,
          chequers_serial_rivers_micro_c, minmay_misc_feat_doors, uniq_psyche
D:9:      minmay_twisted_water, layout_cave_pools

Skill      XL: |  1  2  3  4  5  6  7  8  9 |
---------------+----------------------------+-----
Fighting       | 4 5 6 7 |  7.6
Axes           | 4 6 7 9 11 13 | 13.8
Armour         | 3 4 5 6 8 |  8.5
Dodging        | 3 4 |  4.4

Action                   |  1- 3 |  4- 6 |  7- 9 | 10-12 || total
-------------------------+-------+-------+-------+-------++-------
Melee: Hand axe          |    62 |   149 |   286 |       ||   497
       Headbutt          |    11 |    26 |    71 |     2 ||   110
       Punch             |     1 |     3 |     6 |       ||    10
       War axe           |       |       |    45 |    24 ||    69
Invok: Trog's Hand       |     1 |     2 |     6 |     1 ||    10
       Berserk           |     1 |     1 |     5 |     1 ||     8
  Use: Scroll            |       |       |    19 |       ||    19
       Potion            |       |       |     1 |       ||     1
Armor: Animal skin       |     5 |       |       |       ||     5
       Scale mail        |    13 |       |       |       ||    13
       Chain mail        |     9 |    95 |   187 |     9 ||   300
Dodge: Dodged            |    32 |    82 |   144 |    15 ||   273

Table legend: (Time is in decaauts)
 A = Elapsed time spent in this place.
 B = Non-inter-level travel time spent in this place.
 C = Inter-level travel time spent in this place.
 D = Time resting spent in this place.
 E = Time spent auto-exploring this place.
 F = Levels seen in this place.
 G = Mean time per level.
                   A        B        C        D        E       F      G
               +--------+--------+--------+--------+--------+-----+--------+
         Total |   5995 |   5348 |    647 |      0 |   4130 |   9 |  666.1 |
       Dungeon |   5995 |   5348 |    647 |      0 |   4130 |   9 |  666.1 |
               +--------+--------+--------+--------+--------+-----+--------+

Top non-repeatable levels by time:
     D:1: 936 daAuts
     D:3: 822 daAuts
     D:8: 822 daAuts
     D:7: 733 daAuts
     D:6: 713 daAuts
     D:5: 650 daAuts
     D:2: 514 daAuts
     D:4: 464 daAuts
     D:9: 336 daAuts
